 Dungeon Crawl Stone Soup version 0.31.0-11-ge490571c62 (webtiles) character file.

Game seed: 11864421179698822247

52962 qw the Spry (level 14, -37/72 HPs)
             Began as a Spriggan Hunter on Feb 3, 2024.
             Was the Champion of Okawaru.
             Annihilated by an enormous slime creature (48 damage)
             ... on level 12 of the Dungeon.
             The game lasted 00:02:15 (15404 turns).

qw the Spry (Spriggan Hunter)                      Turns: 15404, Time: 00:02:16

Health: -37/72     AC: 10    Str:  7    XL:     14   Next: 29%
Magic:  22/22      EV: 44    Int: 12    God:    Okawaru [******]
Gold:   1226       SH:  0    Dex: 25    Spells: 13/13 levels left

rFire   + . .        l - +5 arbalest (drain)
rCold   + . .        (shield currently unavailable)
rNeg    . . .        h - +1 steam dragon scales
rPois   .            (helmet restricted)
rElec   .            q - scarf {rC+ rF+}
rCorr   .            (gloves unavailable)
SInv    +            (boots unavailable)
Will    ++...        A - amulet "Xoxaf" {Faith Dex+3}
Stlth   ++           b - +5 ring of evasion
HPRegen 0.32/turn    r - +4 ring of protection
MPRegen 0.18/turn

%: faith
@: about to teleport, very quick
A: very small, no large weapons, unfitting armour, see invisible, speed 3
a: Renounce Religion, Heroism, Finesse, Duel


You were on level 12 of the Dungeon.
You worshipped Okawaru.
Okawaru was exalted by your worship.
You visited 3 branches of the dungeon, and saw 18 of its levels.

You collected 1226 gold pieces.


Innate Abilities, Weirdness & Mutations

You are very small and have problems with some larger weapons.
You are too small for most types of armour.
You have supernaturally acute eyesight. (SInv)
You cover ground extremely quickly. (Speed+++)


   Skills:
 - Level 7.7 Fighting
 + Level 16.0 Ranged Weapons
 - Level 2.0 Armour
 - Level 19.0 Dodging
 - Level 1.5 Stealth
 - Level 10.0 Invocations


You had 13 spell levels left.
You didn't know any spells.
Your spell library was empty.

Inventory:

Hand Weapons
 l - a +5 arbalest of draining (weapon)
Armour
 f - the scarf of Toosoch {repulsion, Str+2}
   (Okawaru gifted it to you on level 12 of the Dungeon)

   Str+2:     It affects your strength (+2).
 h - +1 steam dragon scales (worn)
 j - a +0 cloak of willpower
 q - a scarf of resistance (worn)
Jewellery
 b - a +5 ring of evasion (left hand)
 r - a +4 ring of protection (right hand)
 v - an amulet of reflection
 A - the amulet "Xoxaf" (around neck) {Faith Dex+3}
   (You found it on level 3 of the Lair of Beasts)

   [amulet of faith]

   Faith:     It allows you to gain divine favour quickly.
   Dex+3:     It affects your dexterity (+3).
Wands
 c - a wand of polymorph (12)
 k - a wand of mindburst (30)
 n - a wand of paralysis (17) (quivered)
 p - a wand of quicksilver (16)
 w - a wand of roots (6)
Scrolls
 o - 2 scrolls of teleportation
Potions
 a - a potion of resistance
 d - 5 potions of curing
 g - 4 potions of mutation
 i - a potion of cancellation
 s - 4 potions of haste
 t - a potion of magic
 x - a potion of enlightenment
 z - 3 potions of might

Dungeon Overview and Level Annotations

Branches:
Dungeon (12/15)            Temple (1/1) D:5            Lair (5/5) D:11
  Swamp (0/4) Lair:3       Spider (0/4) Lair:3        Slime (0/5) Lair:4
    Orc (0/2) D:10

Altars:
Ashenzari
Cheibriados
Dithmenos
Elyvilon
Fedhas
Gozag
Hepliaklqana
Kikubaaqudgha
Makhleb
Nemelex Xobeh
Okawaru
Qazlal
Ru
Sif Muna
Trog
Uskayaw
Vehumet
Wu Jian
Xom
Yredelemnul
Zin
The Shining One
Jiyva

Shops:
D:6 :   D:9 (

Annotations:
D:9 2 transporters, qw's ghost, novice SpHu


Message History

You shoot a bolt. The bolt hits the cyclops!
The cyclops shouts!
The cyclops is moderately wounded.
The cyclops throws a large rock.
The large rock completely misses you.
You shoot a bolt. The bolt hits the slime creature!
The slime creature is moderately wounded.
Two slime creatures merge to form a large slime creature.
The cyclops throws a large rock.
The large rock completely misses you.
You shoot a bolt. The bolt hits the large slime creature!
You drain the large slime creature.
The large slime creature is moderately wounded.
The cyclops throws a large rock.
The large rock hits you!!!
Ouch! That really hurt!
You shoot a bolt.
The bolt hits the large slime creature!!
You drain the large slime creature.
The large slime creature is heavily wounded.
Two slime creatures merge to form a large slime creature.
Enter note: You shoot a bolt.
The bolt hits the large slime creature!!
You drain the large slime creature!
The large slime creature is almost dead.
The large slime creature completely misses you.
The large slime creature hits you!
15402 ||| READING 3 scrolls of teleportation.
As you read the scroll of teleportation, it crumbles to dust.
You feel strangely unstable.
The large slime creature completely misses you.
You shoot a bolt. The bolt hits the large slime creature.
The large slime creature is almost dead.
Two slime creatures merge to form an enormous slime creature.
The cyclops throws a large rock.
The large rock completely misses you.
15404 ||| ZAPPING wand of paralysis (18) at -1,0 (enormous slime creature; floor).
Aiming: Paralyse
Press: ? - help, Q - select action, (/) - cycle Shift-Dir - straight line, f/p - enormous slime creature The enormous slime creature resists with some effort.
The enormous slime creature hits you!!!
Ouch! That really hurt!
You die...

# #..# #####.. #..#
....... ....<..# #.J#
....... .......# #.J#
....... .......# #.J#
.......
.....>.#####J.#
C......
..............#
.......
..............###...#
...............J@...#
.............####...#
.............# ?..#
.............# ...#
...........>.# ...#
.............# ...#
.............# ...#
.............# ...#
.............#


You could see an enormous slime creature (drained) and a cyclops.

Vanquished Creatures
  Nessos (Lair:4)
  9 hydras
  A catoblepas (Lair:3)
  An alligator (Lair:3)
  3 boulder beetles (D:11)
  3 two-headed ogres (D:11)
  A skyshark (Lair:5)
  An ugly thing (D:11)
  A cyclops (D:11)
  8 black mambas
  2 torpor snails
  11 elephants
  17 cane toads
  4 rime drakes
  7 komodo dragons
  A troll (D:10)
  A hornet (Lair:3)
  5 polar bears
  4 tyrant leeches (Lair:5)
  5 dream sheep (Lair:5)
  20 blink frogs
  A slime creature (D:12)
  A wraith (D:10)
  5 wyverns
  5 basilisks
  57 yaks
  A human (D:10)
  5 vampire mosquitoes (Lair:5)
  A warg (D:10)
  3 redbacks (Lair:3)
  A steam dragon (D:8)
  10 water moccasins
  6 orc warriors
  A sky beast (D:6)
  2 ice beasts (D:7)
  10 wolves
  An ogre (D:7)
  3 black bears
  3 centaurs
  4 phantoms
  2 kobold brigands (D:6)
  4 scorpions
  4 gnoll sergeants
  20 bullfrogs
  20 killer bees
  An electric eel (Lair:5)
  2 howler monkeys
  A bombardier beetle (D:3)
  4 hounds
  14 orc priests
  A gnoll bouda (D:8)
  A jelly (D:8)
  3 sleepcaps
  Ijyb (D:4)
  Jessica (D:2)
  Natasha (thrice) (D:4)
  2 iguanas
  16 orc wizards
  24 gnolls
  6 adders
  A white imp (D:7)
  3 ribbon worms
  2 dart slugs
  44 orcs
  4 ball pythons
  6 endoplasms
  3 giant cockroaches
  9 goblins
  9 hobgoblins
  6 jackals
  3 quokkas
  7 bats
  2 frilled lizards
  23 kobolds
  5 rats
483 creatures vanquished.

Notes
Turn   | Place    | Note
-------+----------+-------------------------------------------
     0 | D:1      | qw the Spriggan Hunter began the quest for the Orb.
     0 | D:1      | Reached XP level 1. HP: 10/10 MP: 2/2
     0 | D:1      | 0 ||| qw: Version: 0.3-a-158-g18b3111
     0 | D:1      | 0 ||| qw: Game counter: 4286
     0 | D:1      | 0 ||| qw: Melee chars always use a shield: true
     0 | D:1      | 0 ||| qw: God list: Okawaru
     0 | D:1      | 0 ||| qw: Allow faded altars: false
     0 | D:1      | 0 ||| qw: Do Orc after clearing Dungeon:15 true
     0 | D:1      | 0 ||| qw: Do second Lair branch before Depths: true
     0 | D:1      | 0 ||| qw: Lair rune preference: random
     0 | D:1      | 0 ||| qw: Goals: Normal
     0 | D:1      | 0 ||| PLANNING D:1-11
    11 | D:1      | Reached skill level 3 in Dodging
    49 | D:1      | Reached XP level 2. HP: 14/14 MP: 3/3
   123 | D:1      | Reached skill level 4 in Dodging
   317 | D:1      | Reached XP level 3. HP: 14/18 MP: 4/4
   342 | D:1      | 342 ||| READING scroll labelled YRRYGG NOECSE.
   342 | D:1      | 342 ||| IDENTIFYING pink potion
   343 | D:1      | 343 ||| DRINKING 3 fuming cyan potions.
   344 | D:1      | 344 ||| DROPPING scroll of butterflies.
   465 | D:2      | 465 ||| SWAPPING to +0 orcbow.
   468 | D:2      | 468 ||| DROPPING +0 shortbow.
   472 | D:2      | 472 ||| FLEEEEING.
   473 | D:2      | 473 ||| FLEEEEING.
   474 | D:2      | 474 ||| FLEEEEING.
   732 | D:2      | Found a faded altar of an unknown god.
   732 | D:2      | Noticed Jessica
   734 | D:2      | Killed Jessica
   735 | D:2      | Reached XP level 4. HP: 22/22 MP: 5/5
   752 | D:2      | 752 ||| UPGRADING to +2 robe of cold resistance.
   762 | D:2      | 762 ||| DROPPING +0 robe.
   763 | D:2      | 763 ||| DROPPING +6 ring of intelligence.
   764 | D:2      | 764 ||| READING scroll of identify.
   764 | D:2      | 764 ||| IDENTIFYING green potion
   765 | D:2      | 765 ||| READING scroll labelled WUMUAK NE BIAR.
   766 | D:2      | 766 ||| READING scroll labelled PUNIAR HASTRI.
   766 | D:2      | Identified a scroll of acquirement
   766 | D:2      | 766 ||| ACQUIRING +5 ring of evasion
   766 | D:2      | Acquired a +5 ring of evasion
   768 | D:2      | 768 ||| UPGRADING to +5 ring of evasion.
   770 | D:2      | 770 ||| Stepping ~*~*~tactically~*~*~ (cloud).
   771 | D:2      | 771 ||| DRINKING 2 potions of curing.
   771 | D:2      | 771 ||| (to cure poison)
   773 | D:2      | 773 ||| Stepping ~*~*~tactically~*~*~ (cloud).
   778 | D:2      | HP: 5/22 [poisoned by you (poison gas)]
   782 | D:2      | HP: 2/22 [poisoned by you (poison gas)]
   987 | D:3      | Reached skill level 5 in Dodging
  1109 | D:3      | Reached XP level 5. HP: 26/26 MP: 6/6
  1316 | D:3      | Found a faded altar of an unknown god.
  1319 | D:3      | Found a white marble altar of Elyvilon.
  1320 | D:3      | 1320 ||| READING scroll labelled SYUZIBLOA.
  1321 | D:3      | 1321 ||| READING scroll labelled RUTORCHE BOUMO.
  1322 | D:3      | 1322 ||| DRINKING 2 sapphire potions.
  1375 | D:4      | Found a hide-covered altar of Uskayaw.
  1375 | D:4      | Found a shadowy altar of Dithmenos.
  1382 | D:4      | Found a burning altar of Makhleb.
  1384 | D:4      | Found a hazy altar of Hepliaklqana.
  1385 | D:4      | Found a basalt altar of Yredelemnul.
  1387 | D:4      | Found a radiant altar of Vehumet.
  1391 | D:4      | Found a glowing golden altar of the Shining One.
  1422 | D:4      | Noticed Natasha
  1429 | D:4      | Killed Natasha
  1470 | D:4      | Noticed a black bear
  1471 | D:4      | 1471 ||| DRINKING potion of haste.
  1478 | D:4      | 1478 ||| ZAPPING wand of mindburst (19) at 0,-3 (black
                  | bear; floor).
  1478 | D:4      | Killed a black bear
  1479 | D:4      | Reached skill level 6 in Ranged Weapons
  1479 | D:4      | Reached XP level 6. HP: 30/30 MP: 7/7
  1524 | D:4      | Noticed Ijyb
  1536 | D:4      | 1536 ||| FLEEEEING.
  1537 | D:4      | 1537 ||| FLEEEEING.
  1538 | D:4      | 1538 ||| FLEEEEING.
  1539 | D:4      | 1539 ||| FLEEEEING.
  1540 | D:4      | 1540 ||| FLEEEEING.
  1541 | D:4      | 1541 ||| FLEEEEING.
  1542 | D:4      | 1542 ||| FLEEEEING.
  1543 | D:4      | 1543 ||| FLEEEEING.
  1544 | D:4      | 1544 ||| FLEEEEING.
  1545 | D:4      | 1545 ||| FLEEEEING.
  1546 | D:4      | 1546 ||| FLEEEEING.
  1546 | D:4      | Noticed Natasha
  1547 | D:4      | 1547 ||| FLEEEEING.
  1548 | D:4      | 1548 ||| FLEEEEING.
  1549 | D:4      | 1549 ||| FLEEEEING.
  1550 | D:4      | 1550 ||| FLEEEEING.
  1551 | D:4      | 1551 ||| FLEEEEING.
  1552 | D:4      | 1552 ||| FLEEEEING.
  1553 | D:4      | 1553 ||| FLEEEEING.
  1554 | D:4      | 1554 ||| FLEEEEING.
  1555 | D:4      | 1555 ||| FLEEEEING.
  1556 | D:4      | 1556 ||| FLEEEEING.
  1557 | D:4      | 1557 ||| FLEEEEING.
  1558 | D:4      | 1558 ||| FLEEEEING.
  1559 | D:4      | 1559 ||| FLEEEEING.
  1560 | D:4      | 1560 ||| FLEEEEING.
  1561 | D:4      | 1561 ||| FLEEEEING.
  1562 | D:4      | 1562 ||| FLEEEEING.
  1563 | D:4      | 1563 ||| FLEEEEING.
  1564 | D:4      | 1564 ||| FLEEEEING.
  1565 | D:4      | 1565 ||| FLEEEEING.
  1566 | D:4      | 1566 ||| FLEEEEING.
  1567 | D:4      | 1567 ||| FLEEEEING.
  1568 | D:4      | 1568 ||| FLEEEEING.
  1569 | D:4      | 1569 ||| FLEEEEING.
  1570 | D:4      | 1570 ||| FLEEEEING.
  1571 | D:4      | 1571 ||| FLEEEEING.
  1572 | D:4      | 1572 ||| FLEEEEING.
  1573 | D:4      | 1573 ||| FLEEEEING.
  1574 | D:4      | 1574 ||| FLEEEEING.
  1575 | D:4      | 1575 ||| FLEEEEING.
  1576 | D:4      | 1576 ||| FLEEEEING.
  1577 | D:4      | 1577 ||| FLEEEEING.
  1578 | D:4      | 1578 ||| FLEEEEING.
  1579 | D:4      | 1579 ||| FLEEEEING.
  1580 | D:4      | 1580 ||| FLEEEEING.
  1581 | D:4      | 1581 ||| FLEEEEING.
  1582 | D:4      | 1582 ||| FLEEEEING.
  1583 | D:4      | 1583 ||| FLEEEEING.
  1584 | D:4      | 1584 ||| FLEEEEING.
  1585 | D:4      | 1585 ||| FLEEEEING.
  1586 | D:4      | 1586 ||| FLEEEEING.
  1587 | D:4      | 1587 ||| FLEEEEING.
  1588 | D:4      | 1588 ||| FLEEEEING.
  1589 | D:4      | 1589 ||| FLEEEEING.
  1590 | D:4      | 1590 ||| FLEEEEING.
  1591 | D:4      | 1591 ||| FLEEEEING.
  1592 | D:4      | 1592 ||| FLEEEEING.
  1593 | D:4      | 1593 ||| FLEEEEING.
  1683 | D:4      | 1683 ||| RETREEEEATING.
  1684 | D:4      | 1684 ||| RETREEEEATING.
  1685 | D:4      | 1685 ||| RETREEEEATING.
  1687 | D:4      | 1687 ||| RETREEEEATING.
  1691 | D:4      | Killed Natasha
  1692 | D:4      | Reached skill level 6 in Dodging
  1717 | D:4      | Noticed Natasha
  1720 | D:4      | Killed Natasha
  1925 | D:4      | 1925 ||| READING scroll labelled MODIANLUCW.
  1955 | D:4      | 1955 ||| FLEEEEING.
  1961 | D:4      | 1961 ||| FLEEEEING.
  1963 | D:4      | 1963 ||| FLEEEEING.
  1964 | D:4      | 1964 ||| FLEEEEING.
  1982 | D:4      | 1982 ||| READING scroll labelled FYPRAU KESMAORRI.
  2037 | D:4      | 2037 ||| FLEEEEING.
  2038 | D:4      | 2038 ||| FLEEEEING.
  2039 | D:4      | 2039 ||| FLEEEEING.
  2040 | D:4      | 2040 ||| FLEEEEING.
  2041 | D:4      | 2041 ||| STAIRDANCE
  2162 | D:4      | Killed Ijyb
  2547 | D:5      | Entered Level 5 of the Dungeon
  2561 | D:5      | Found a staircase to the Ecumenical Temple.
  2562 | D:5      | 2562 ||| PLANNING TEMPLE
  2571 | Temple   | Entered the Ecumenical Temple
  2572 | Temple   | 2572 ||| PLANNING D:1-11
  2604 | D:5      | Reached XP level 7. HP: 32/35 MP: 8/8
  2612 | D:5      | 2612 ||| ZAPPING wand of mindburst (25) at 0,1 (black bear;
                  | open_door).
  2613 | D:5      | Reached skill level 7 in Dodging
  2779 | D:5      | 2779 ||| FLEEEEING.
  2780 | D:5      | 2780 ||| FLEEEEING.
  2822 | D:5      | 2822 ||| FLEEEEING.
  2823 | D:5      | 2823 ||| FLEEEEING.
  2824 | D:5      | 2824 ||| FLEEEEING.
  2825 | D:5      | 2825 ||| FLEEEEING.
  2826 | D:5      | 2826 ||| FLEEEEING.
  2827 | D:5      | 2827 ||| FLEEEEING.
  2828 | D:5      | 2828 ||| FLEEEEING.
  2829 | D:5      | 2829 ||| FLEEEEING.
  2830 | D:5      | 2830 ||| FLEEEEING.
  2985 | D:5      | Reached skill level 3 in Fighting
  3038 | D:5      | Found a blossoming altar of Fedhas.
  3043 | D:5      | HP: 8/36 [centaur/arrow (13)]
  3044 | D:5      | 3044 ||| DRINKING 3 potions of heal wounds.
  3052 | D:5      | Reached XP level 8. HP: 31/40 MP: 9/9
  3202 | D:5      | HP: 10/40 [poisoned by a scorpion]
  3203 | D:5      | 3203 ||| DRINKING 2 potions of heal wounds.
  3206 | D:5      | Reached skill level 8 in Dodging
  3213 | D:5      | HP: 10/40 [poisoned by a scorpion]
  3413 | D:5      | Found a sacrificial altar of Ru.
  3786 | D:5      | 3786 ||| READING scroll labelled QYMMYU PUMEF.
  3787 | D:5      | 3787 ||| READING scroll labelled CUREN FIBINADGH.
  3787 | D:5      | 3787 ||| BRANDING +0 orcbow.
  3789 | D:6      | Found Omioschi's Book Shop.
  3800 | D:6      | Reached skill level 9 in Ranged Weapons
  3844 | D:6      | Reached skill level 9 in Dodging
  4297 | D:6      | 4297 ||| UPGRADING to amulet of the acrobat.
  4302 | D:6      | 4302 ||| UPGRADING to +4 ring of protection.
  4303 | D:6      | 4303 ||| READING 2 scrolls of identify.
  4303 | D:6      | 4303 ||| IDENTIFYING fuming amethyst potion
  4304 | D:6      | 4304 ||| READING scroll of identify.
  4304 | D:6      | 4304 ||| IDENTIFYING smoky sapphire potion
  4305 | D:6      | 4305 ||| READING scroll labelled ASUKIKEEJI.
  4306 | D:6      | 4306 ||| READING scroll labelled BAYFRU UNAE.
  4307 | D:6      | 4307 ||| READING scroll labelled BOXENIV SOICOS.
  4408 | D:6      | 4408 ||| DRINKING 2 lumpy silvery potions.
  4409 | D:6      | 4409 ||| DROPPING potion of berserk rage.
  4410 | D:6      | 4410 ||| DROPPING potion of magic.
  4483 | D:7      | Reached XP level 9. HP: 43/44 MP: 10/10
  4593 | D:7      | 4593 ||| RETREEEEATING.
  4595 | D:7      | 4595 ||| RETREEEEATING.
  4597 | D:7      | 4597 ||| RETREEEEATING.
  4598 | D:7      | 4598 ||| RETREEEEATING.
  4600 | D:7      | 4600 ||| RETREEEEATING.
  4602 | D:7      | 4602 ||| RETREEEEATING.
  4604 | D:7      | Reached skill level 10 in Dodging
  4947 | D:7      | 4947 ||| UPGRADING to scarf of resistance.
  4952 | D:7      | 4952 ||| READING scroll labelled TUODOR ZIATURU.
  4952 | D:7      | 4952 ||| ENCHANTING +0 heavy orcbow.
  4953 | D:7      | 4953 ||| DRINKING 2 amethyst potions.
  4998 | D:7      | 4998 ||| DRINKING 2 bubbling white potions.
  4999 | D:7      | 4999 ||| DROPPING potion of lignification.
  5000 | D:7      | 5000 ||| DROPPING potion of attraction.
  5024 | D:8      | 5024 ||| STAIRDANCE
  5028 | D:8      | 5028 ||| STAIRDANCE
  5032 | D:7      | Reached skill level 11 in Dodging
  5040 | D:8      | 5040 ||| STAIRDANCE
  5069 | D:8      | 5069 ||| STAIRDANCE
  5091 | D:8      | 5091 ||| STAIRDANCE
  5100 | D:8      | 5100 ||| STAIRDANCE
  5267 | D:8      | Reached XP level 10. HP: 49/49 MP: 11/11
  5269 | D:8      | HP: 12/49 [wyvern (23)]
  5270 | D:8      | 5270 ||| READING 2 scrolls of teleportation.
  5271 | D:8      | 5271 ||| DRINKING 4 potions of heal wounds.
  5652 | D:8      | Reached skill level 12 in Dodging
  5733 | D:8      | 5733 ||| RETREEEEATING.
  5734 | D:8      | 5734 ||| RETREEEEATING.
  5735 | D:8      | 5735 ||| RETREEEEATING.
  5736 | D:8      | 5736 ||| RETREEEEATING.
  5737 | D:8      | 5737 ||| RETREEEEATING.
  5738 | D:8      | 5738 ||| RETREEEEATING.
  5740 | D:8      | 5740 ||| RETREEEEATING.
  5956 | D:8      | 5956 ||| UPGRADING to +0 steam dragon scales.
  6058 | D:9      | 6058 ||| STAIRDANCE
  6163 | D:9      | 6163 ||| STAIRDANCE
  6173 | D:9      | 6173 ||| STAIRDANCE
  6180 | D:9      | 6180 ||| STAIRDANCE
  6185 | D:8      | Reached skill level 1 in Armour
  6271 | D:9      | Noticed a two-headed ogre
  6287 | D:9      | Found a transporter.
  6308 | D:9      | Noticed a two-headed ogre
  6317 | D:9      | Noticed a two-headed ogre
  6324 | D:9      | Found a transporter.
  6331 | D:9      | Noticed qw's ghost (novice SpHu)
  6420 | D:9      | Found a broken altar of Ashenzari.
  6533 | D:9      | Found Nuamurr's Weapon Boutique.
  6918 | D:9      | Found an iron altar of Okawaru.
  6919 | D:9      | 6919 ||| PLANNING OKAWARU WORSHIP
  6919 | D:9      | 6919 ||| READING scroll labelled OLUTOA BEADOSY.
  6920 | D:9      | 6920 ||| DRINKING 2 orange potions.
  6921 | D:9      | 6921 ||| DROPPING potion of degeneration.
  6928 | D:9      | Became a worshipper of Warmaster Okawaru
  6929 | D:9      | 6929 ||| PLANNING D:1-11
  6997 | D:10     | Entered Level 10 of the Dungeon
  7029 | D:10     | Found a staircase to the Orcish Mines.
  7039 | D:10     | Reached skill level 12 in Ranged Weapons
  7357 | D:10     | Reached * piety under Okawaru
  7416 | D:10     | 7416 ||| RETREEEEATING.
  7420 | D:10     | Reached skill level 1 in Invocations
  7740 | D:10     | Reached skill level 3 in Invocations
  7899 | D:10     | 7899 ||| UPGRADING to amulet of reflection.
  7909 | D:10     | 7909 ||| DROPPING amulet of the acrobat.
  7986 | D:11     | Noticed a cyan ugly thing
  7987 | D:11     | 7987 ||| INVOKING Heroism.
  7995 | D:11     | Killed a cyan ugly thing
  7995 | D:11     | Reached ** piety under Okawaru
  8116 | D:11     | Noticed a boulder beetle
  8117 | D:11     | 8117 ||| INVOKING Heroism.
  8128 | D:11     | Killed a boulder beetle
  8258 | D:11     | Noticed a cyclops
  8259 | D:11     | 8259 ||| INVOKING Heroism.
  8263 | D:11     | Killed a cyclops
  8264 | D:11     | Reached XP level 11. HP: 55/55 MP: 12/15
  8424 | D:11     | Noticed a two-headed ogre
  8425 | D:11     | 8425 ||| INVOKING Heroism.
  8429 | D:11     | Killed a two-headed ogre
  8520 | D:11     | Noticed a boulder beetle
  8521 | D:11     | 8521 ||| INVOKING Heroism.
  8536 | D:11     | Killed a boulder beetle
  8537 | D:11     | Reached skill level 13 in Dodging
  8553 | D:11     | Reached *** piety under Okawaru
  8556 | D:11     | Found a staircase to the Lair.
  8558 | D:11     | 8558 ||| RETREEEEATING.
  8562 | D:11     | 8562 ||| RETREEEEATING.
  8566 | D:11     | 8566 ||| RETREEEEATING.
  8580 | D:11     | Noticed a boulder beetle
  8581 | D:11     | 8581 ||| INVOKING Heroism.
  8597 | D:11     | Killed a boulder beetle
  8598 | D:11     | Reached skill level 14 in Dodging
  8890 | D:11     | Noticed a two-headed ogre
  8891 | D:11     | 8891 ||| INVOKING Heroism.
  8894 | D:11     | Killed a two-headed ogre
  8954 | D:11     | Noticed a two-headed ogre
  8955 | D:11     | 8955 ||| INVOKING Heroism.
  8958 | D:11     | Killed a two-headed ogre
  9211 | D:11     | Found a glowing golden altar of the Shining One.
  9221 | D:11     | 9221 ||| PLANNING LAIR
  9285 | Lair:1   | Entered Level 1 of the Lair of Beasts
  9288 | Lair:1   | 9288 ||| RETREEEEATING.
  9289 | Lair:1   | 9289 ||| RETREEEEATING.
  9291 | Lair:1   | 9291 ||| INVOKING Heroism.
  9292 | Lair:1   | 9292 ||| DRINKING 3 potions of haste.
  9313 | Lair:1   | Reached **** piety under Okawaru
  9323 | Lair:1   | 9323 ||| INVOKING Finesse.
  9448 | Lair:1   | Reached skill level 6 in Fighting
  9504 | Lair:1   | 9504 ||| RETREEEEATING.
  9506 | Lair:1   | 9506 ||| RETREEEEATING.
  9512 | Lair:1   | 9512 ||| RETREEEEATING.
  9513 | Lair:1   | 9513 ||| RETREEEEATING.
  9514 | Lair:1   | 9514 ||| RETREEEEATING.
  9515 | Lair:1   | 9515 ||| RETREEEEATING.
  9516 | Lair:1   | 9516 ||| RETREEEEATING.
  9517 | Lair:1   | 9517 ||| RETREEEEATING.
  9521 | Lair:1   | 9521 ||| INVOKING Finesse.
  9534 | Lair:1   | Reached XP level 12. HP: 61/61 MP: 12/17
  9900 | Lair:1   | Reached skill level 6 in Invocations
 10349 | Lair:1   | 10349 ||| READING 2 scrolls of identify.
 10349 | Lair:1   | 10349 ||| IDENTIFYING viscous golden potion
 10350 | Lair:1   | 10350 ||| READING scroll of identify.
 10350 | Lair:1   | 10350 ||| IDENTIFYING bubbling purple potion
 10351 | Lair:1   | 10351 ||| DROPPING potion of brilliance.
 10372 | Lair:2   | 10372 ||| RETREEEEATING.
 10374 | Lair:2   | 10374 ||| RETREEEEATING.
 10375 | Lair:2   | 10375 ||| RETREEEEATING.
 10378 | Lair:2   | 10378 ||| RETREEEEATING.
 10379 | Lair:2   | 10379 ||| RETREEEEATING.
 10380 | Lair:2   | 10380 ||| RETREEEEATING.
 10381 | Lair:2   | 10381 ||| RETREEEEATING.
 10382 | Lair:2   | 10382 ||| RETREEEEATING.
 10391 | Lair:2   | 10391 ||| RETREEEEATING.
 10401 | Lair:2   | Reached ***** piety under Okawaru
 10642 | Lair:2   | 10642 ||| RETREEEEATING.
 10643 | Lair:2   | 10643 ||| RETREEEEATING.
 10645 | Lair:2   | 10645 ||| RETREEEEATING.
 10646 | Lair:2   | 10646 ||| RETREEEEATING.
 10647 | Lair:2   | 10647 ||| RETREEEEATING.
 10653 | Lair:2   | Reached skill level 15 in Dodging
 10762 | Lair:2   | 10762 ||| RETREEEEATING.
 10766 | Lair:2   | 10766 ||| RETREEEEATING.
 10767 | Lair:2   | 10767 ||| RETREEEEATING.
 10769 | Lair:2   | 10769 ||| RETREEEEATING.
 10770 | Lair:2   | 10770 ||| RETREEEEATING.
 10772 | Lair:2   | 10772 ||| RETREEEEATING.
 10773 | Lair:2   | 10773 ||| RETREEEEATING.
 10774 | Lair:2   | 10774 ||| RETREEEEATING.
 10776 | Lair:2   | 10776 ||| RETREEEEATING.
 10777 | Lair:2   | 10777 ||| RETREEEEATING.
 10779 | Lair:2   | 10779 ||| RETREEEEATING.
 10902 | Lair:2   | 10902 ||| INVOKING Finesse.
 11190 | Lair:2   | 11190 ||| READING scroll of identify.
 11190 | Lair:2   | 11190 ||| IDENTIFYING clear potion
 11191 | Lair:2   | 11191 ||| DROPPING potion of invisibility.
 11286 | Lair:3   | Found a hole to the Spider Nest.
 11299 | Lair:3   | 11299 ||| RETREEEEATING.
 11300 | Lair:3   | 11300 ||| RETREEEEATING.
 11304 | Lair:3   | Received a gift from Okawaru
 11392 | Lair:3   | Found a hide-covered altar of Uskayaw.
 11393 | Lair:3   | Noticed a catoblepas
 11394 | Lair:3   | 11394 ||| Stepping ~*~*~tactically~*~*~ (cloud).
 11396 | Lair:3   | 11396 ||| INVOKING Finesse.
 11403 | Lair:3   | Killed a catoblepas
 11556 | Lair:3   | HP: 15/61 [poisoned by a redback]
 11560 | Lair:3   | 11560 ||| READING 7 scrolls of teleportation.
 11561 | Lair:3   | 11561 ||| DRINKING 4 potions of heal wounds.
 11567 | Lair:3   | 11567 ||| INVOKING Finesse.
 11585 | Lair:3   | HP: 11/61 [rime drake/icy flash freeze (8)]
 11586 | Lair:3   | 11586 ||| READING 6 scrolls of teleportation.
 11587 | Lair:3   | 11587 ||| DRINKING 3 potions of heal wounds.
 11686 | Lair:3   | Reached skill level 15 in Ranged Weapons
 11686 | Lair:3   | Reached skill level 9 in Invocations
 11739 | Lair:3   | Noticed a seven-headed hydra
 11740 | Lair:3   | 11740 ||| INVOKING Finesse.
 11747 | Lair:3   | Killed a seven-headed hydra
 11854 | Lair:3   | Noticed an alligator
 11855 | Lair:3   | 11855 ||| INVOKING Finesse.
 11861 | Lair:3   | Killed an alligator
 11907 | Lair:3   | Found a dark tunnel.
 12031 | Lair:3   | Reached XP level 13. HP: 65/65 MP: 21/21
 12032 | Lair:3   | 12032 ||| RETREEEEATING.
 12035 | Lair:3   | 12035 ||| RETREEEEATING.
 12036 | Lair:3   | 12036 ||| RETREEEEATING.
 12139 | Lair:3   | Found a staircase to the Swamp.
 12225 | Lair:3   | Identified the amulet "Xoxaf" {Faith Dex+3}
 12339 | Lair:3   | 12339 ||| UPGRADING to amulet "Xoxaf" {Faith Dex+3}.
 12349 | Lair:3   | 12349 ||| DROPPING ring of magical power.
 12350 | Lair:3   | 12350 ||| READING scroll of identify.
 12350 | Lair:3   | 12350 ||| IDENTIFYING purple potion
 12351 | Lair:3   | 12351 ||| DROPPING potion of ambrosia.
 12545 | Lair:4   | 12545 ||| RETREEEEATING.
 12547 | Lair:4   | 12547 ||| RETREEEEATING.
 12548 | Lair:4   | 12548 ||| RETREEEEATING.
 12549 | Lair:4   | 12549 ||| RETREEEEATING.
 12552 | Lair:4   | Reached skill level 16 in Dodging
 12749 | Lair:4   | Received a gift from Okawaru
 12752 | Lair:4   | 12752 ||| RETREEEEATING.
 12807 | Lair:4   | 12807 ||| RETREEEEATING.
 12824 | Lair:4   | Reached skill level 17 in Dodging
 12953 | Lair:4   | Found a viscous altar of Jiyva.
 12953 | Lair:4   | Found a staircase to the Slime Pits.
 13021 | Lair:4   | Noticed Nessos
 13071 | Lair:4   | 13071 ||| INVOKING Finesse.
 13081 | Lair:4   | Killed Nessos
 13148 | Lair:4   | 13148 ||| INVOKING Finesse.
 13149 | Lair:4   | 13149 ||| INVOKING Heroism.
 13598 | Lair:4   | 13598 ||| RETREEEEATING.
 13600 | Lair:4   | 13600 ||| RETREEEEATING.
 13601 | Lair:4   | 13601 ||| RETREEEEATING.
 13602 | Lair:4   | 13602 ||| RETREEEEATING.
 13603 | Lair:4   | 13603 ||| RETREEEEATING.
 13604 | Lair:4   | 13604 ||| RETREEEEATING.
 13605 | Lair:4   | 13605 ||| RETREEEEATING.
 13606 | Lair:4   | 13606 ||| RETREEEEATING.
 13740 | Lair:4   | 13740 ||| READING 2 scrolls of identify.
 13740 | Lair:4   | 13740 ||| IDENTIFYING coppery potion
 13741 | Lair:4   | 13741 ||| READING scroll of identify.
 13741 | Lair:4   | 13741 ||| IDENTIFYING red potion
 13766 | Lair:5   | Entered Level 5 of the Lair of Beasts
 13771 | Lair:5   | 13771 ||| STAIRDANCE
 13850 | Lair:5   | 13850 ||| RETREEEEATING.
 13851 | Lair:5   | 13851 ||| STAIRDANCE
 13905 | Lair:5   | Received a gift from Okawaru
 13909 | Lair:5   | 13909 ||| RETREEEEATING.
 13910 | Lair:5   | 13910 ||| RETREEEEATING.
 13912 | Lair:5   | 13912 ||| RETREEEEATING.
 13921 | Lair:5   | HP: 15/66 [blink frog (9)]
 13922 | Lair:5   | 13922 ||| READING 5 scrolls of teleportation.
 13922 | Lair:5   | HP: 7/66 [blink frog (8)]
 13923 | Lair:5   | 13923 ||| DRINKING 3 potions of heal wounds.
 13928 | Lair:5   | HP: 10/66 [five-headed hydra (8)]
 13929 | Lair:5   | 13929 ||| READING 4 scrolls of teleportation.
 13929 | Lair:5   | HP: 4/66 [five-headed hydra (4)]
 13930 | Lair:5   | 13930 ||| DRINKING 2 potions of heal wounds.
 13932 | Lair:5   | 13932 ||| FLEEEEING.
 13933 | Lair:5   | 13933 ||| INVOKING Finesse.
 13941 | Lair:5   | 13941 ||| FLEEEEING.
 13948 | Lair:5   | 13948 ||| RETREEEEATING.
 13951 | Lair:5   | 13951 ||| RETREEEEATING.
 14218 | Lair:5   | 14218 ||| RETREEEEATING.
 14219 | Lair:5   | 14219 ||| RETREEEEATING.
 14229 | Lair:5   | Reached skill level 18 in Dodging
 14254 | Lair:5   | Reached XP level 14. HP: 42/72 MP: 22/22
 14351 | Lair:5   | 14351 ||| RETREEEEATING.
 14352 | Lair:5   | 14352 ||| RETREEEEATING.
 14356 | Lair:5   | 14356 ||| RETREEEEATING.
 14432 | Lair:5   | 14432 ||| RETREEEEATING.
 14433 | Lair:5   | 14433 ||| RETREEEEATING.
 14434 | Lair:5   | 14434 ||| RETREEEEATING.
 14436 | Lair:5   | 14436 ||| RETREEEEATING.
 14437 | Lair:5   | 14437 ||| RETREEEEATING.
 14439 | Lair:5   | 14439 ||| RETREEEEATING.
 14440 | Lair:5   | 14440 ||| RETREEEEATING.
 14442 | Lair:5   | 14442 ||| RETREEEEATING.
 14443 | Lair:5   | 14443 ||| RETREEEEATING.
 14445 | Lair:5   | 14445 ||| RETREEEEATING.
 14446 | Lair:5   | 14446 ||| RETREEEEATING.
 14447 | Lair:5   | 14447 ||| RETREEEEATING.
 14517 | Lair:5   | 14517 ||| FLEEEEING.
 14559 | Lair:5   | 14559 ||| RETREEEEATING.
 14581 | Lair:5   | HP: 17/72 [tyrant leech (5)]
 14582 | Lair:5   | 14582 ||| READING 4 scrolls of teleportation.
 14583 | Lair:5   | 14583 ||| DRINKING potion of heal wounds.
 14637 | Lair:5   | Reached skill level 19 in Dodging
 14942 | Lair:5   | 14942 ||| INVOKING Finesse.
 15223 | Lair:5   | 15223 ||| PLANNING D
 15223 | Lair:5   | 15223 ||| READING scroll labelled EKHO ROOSHRUOST.
 15223 | Lair:5   | 15223 ||| ENCHANTING +0 steam dragon scales.
 15224 | Lair:5   | 15224 ||| DROPPING +2 robe of cold resistance.
 15357 | D:12     | Reached ****** piety under Okawaru
 15358 | D:12     | 15358 ||| INVOKING Receive Weapon.
 15358 | D:12     | 15358 ||| ACQUIRING +5 arbalest of draining
 15358 | D:12     | Acquired a +5 arbalest of draining
 15358 | D:12     | Received a gift from Okawaru
 15359 | D:12     | 15359 ||| INVOKING Receive Armour.
 15359 | D:12     | 15359 ||| ACQUIRING scarf of Toosoch {repulsion, Str+2}
 15359 | D:12     | Acquired the scarf of Toosoch {repulsion, Str+2}
 15359 | D:12     | Received a gift from Okawaru
 15361 | D:12     | 15361 ||| SWAPPING to +5 arbalest of draining.
 15362 | D:12     | 15362 ||| DROPPING +1 heavy orcbow.
 15392 | D:12     | 15392 ||| RETREEEEATING.
 15393 | D:12     | 15393 ||| RETREEEEATING.
 15394 | D:12     | 15394 ||| RETREEEEATING.
 15395 | D:12     | 15395 ||| RETREEEEATING.
 15401 | D:12     | HP: 10/72 [large slime creature (17)]
 15402 | D:12     | 15402 ||| READING 3 scrolls of teleportation.
 15404 | D:12     | 15404 ||| ZAPPING wand of paralysis (18) at -1,0 (enormous
                  | slime creature; floor).
 15404 | D:12     | Annihilated by an enormous slime creature

Levels and vault maps discovered:
D:1:      psy_arrival_basics, layout_rooms
D:2:      layout_rooms, shapermc_ecumenical_altar_mp_highgroup, uniq_jessica
D:3:      layout_rooms, nicolae_overflow_ecumenical_swirl
D:4:      nicolae_cairo_tiling_very_big, layout_loops_corners,
          nicolae_overflow_hallway_of_the_gods, uniq_ijyb, uniq_natasha
D:5:      layout_loops_corners, nicolae_ru_great_annihilating_truth,
          fedhas_bush_and_centaur_altar, minmay_temple_entry_proselytizer
D:6:      layout_cave_pools, serial_shops, nicolae_stop_n_shop_2
D:7:      layout_cave_pools
D:8:      layout_basic
D:9:      layout_stronghold, mainiacjoe_overflow_small_starburst,
          lemuel_round_altar, serial_shops, nicolae_shop_getting_attention,
          nzn_ghost_randoct
D:10:     layout_roguey, erik_orc_4, minmay_misc_feat_roman, minivault_16,
          dreamdust_wishing_well
D:11:     layout_loops_corners, erik_lair_orcish_takeover,
          nicolae_tso_swordbearing_angel
D:12:     layout_long_grid, uniq_josephine
Temple:   compressed_dpeg_circular_temple
Lair:1:   beast_lair_carwin_large_2, layout_hall_layers,
          chequers_serial_rivers_small_3, chequers_serial_rivers_large_a
Lair:2:   layout_hall_layers
Lair:3:   layout_roguey, mainiacjoe_swamp_entry_lozenge_pond,
          spider_nest_entry_webs, basic_altar, nicolae_volcano_entry_s_turn
Lair:4:   layout_layer_cave, dpeg_slime_entry_enclosed, minivault_23,
          uniq_nessos
Lair:5:   minmay_lair_end_frog_pond, layout_long_grid, lemuel_fruit_tree

Skill      XL: |  1  2  3  4  5  6  7  8  9 10 11 12 13 14 |
---------------+-------------------------------------------+-----
Dodging        | 3 4 5 6 7 9 11 12 14 15 18 19 | 19.0
Ranged Weapons | 5 6 7 8 10 11 12 14 15 16 | 16.0
Fighting       | 2 3 4 5 6 7 |  7.7
Armour         | 1 2 |  2.0
Invocations    | 4 5 9 10 | 10.0
Stealth        | |  1.5

Action                     |  1- 3 |  4- 6 |  7- 9 | 10-12 | 13-15 || total
---------------------------+-------+-------+-------+-------+-------++-------
   Fire: Shortbow          |    88 |       |       |       |       ||    88
         Orcbow            |    19 |   147 |   355 |   671 |   513 ||  1705
         Arbalest          |       |       |       |       |     9 ||     9
 Invoke: Heroism           |       |       |       |     9 |     1 ||    10
         Finesse           |       |       |       |     7 |     4 ||    11
         Receive Weapon    |       |       |       |       |     1 ||     1
         Receive Armour    |       |       |       |       |     1 ||     1
  Evoke: Wand              |       |     1 |     1 |       |     1 ||     3
    Use: Scroll            |     1 |     7 |     8 |     7 |     8 ||    31
         Potion            |     1 |     3 |     5 |     5 |     3 ||    17
 Armour: Robe              |    10 |    11 |    47 |     5 |       ||    73
         Skin              |       |    12 |       |       |       ||    12
         Steam dragon scal |       |       |       |    76 |    78 ||   154
  Dodge: Dodged            |    36 |    46 |   248 |   591 |   457 ||  1378
  Block: Other             |       |       |       |    54 |     5 ||    59
         Reflection        |       |       |       |     1 |       ||     1

Table legend:
 A = Non-vault XP
 B = Vault XP
 C = Vault XP percentage of total XP
 D = Non-vault monster count
 E = Vault monster count
 F = Vault count percentage of total count
                 A         B        C        D         E       F
            +---------+---------+-------+---------+---------+-------
      Total |   62288 |   13373 |  17.7 |     405 |      78 |  16.1
            +---------+---------+-------+---------+---------+-------
        D:1 |      42 |       0 |   0.0 |      24 |       0 |   0.0
        D:2 |      47 |      37 |  44.0 |      18 |       1 |   5.3
        D:3 |     104 |       0 |   0.0 |      21 |       0 |   0.0
        D:4 |     306 |      76 |  19.9 |      17 |       2 |  10.5
        D:5 |    1085 |     194 |  15.2 |      32 |       6 |  15.8
        D:6 |     779 |       0 |   0.0 |      24 |       0 |   0.0
        D:7 |    2238 |       0 |   0.0 |      29 |       0 |   0.0
        D:8 |    1453 |       0 |   0.0 |      28 |       0 |   0.0
        D:9 |     484 |       0 |   0.0 |       7 |       0 |   0.0
       D:10 |    1732 |     789 |  31.3 |      29 |      15 |  34.1
       D:11 |    6578 |     515 |   7.3 |      18 |       9 |  33.3
       D:12 |    1114 |       0 |   0.0 |       2 |       0 |   0.0
     Lair:1 |    5927 |     628 |   9.6 |      28 |       6 |  17.6
     Lair:2 |    7287 |       0 |   0.0 |      28 |       0 |   0.0
     Lair:3 |    8759 |    1655 |  15.9 |      26 |       5 |  16.1
     Lair:4 |   10287 |    1051 |   9.3 |      34 |       1 |   2.9
     Lair:5 |   14066 |    8428 |  37.5 |      40 |      33 |  45.2
            +---------+---------+-------+---------+---------+-------
